[Event "Titled Tuesday Blitz February 14 Late 2023"]
[White "Koellner, Ruben Gideon"]
[Black "Ehlvest, Jaan"]
[WhiteFideId "12993093"]
[BlackFideId "4500016"]
[WhiteElo "2426"]
[BlackElo "2530"]
[Result "0-1"]
[Round "08"]
[TimeControl "180+2"]
[Date "2023.02.14"]
[WhiteClock "0:00:03"]
[BlackClock "0:00:10"]

1. d4 Nf6 2. Nf3 c5 3. e3 g6 4. Nbd2 b6 5. c3 Bg7 6. Bd3 O-O 7. O-O Bb7 8. Qe2 d6 9. e4 e6 10. a3 Nbd7 11. b4 a6 12. Bb2 Qc7 13. Rfe1 Rfd8 14. Rad1 b5 15. Nf1 Rac8 16. Ng3 cxd4 17. cxd4 Nb6 18. Rc1 Qb8 19. Nd2 h5 20. f3 h4 21. Ngf1 Nh5 22. g3 Na4 23. Ba1 Qa7 24. Qe3 Kh7 25. f4 Nf6 26. Kg2 Ng4 27. Qg1 f5 28. h3 Nf6 29. Qe3 Qa8 30. Rxc8 Rxc8 31. Kh2 hxg3+ 32. Nxg3 Nc3 33. Rg1 Ncxe4 34. Ngxe4 fxe4 35. Be2 Rc2 36. Bd1 Ra2 37. Bb3 Rxa3 38. Bb2 Rxb3 39. Nxb3 Bd5 40. Nd2 Qe8 41. Qg3 Nh5 42. Qg5 Bh6 43. Qg2 Bxf4+ 44. Kh1 Ng3+ 45. Kh2 Ne2+ 46. Kh1 e3 47. Nf3 Ng3+ 48. Kh2 Nf5+ 49. Kh1 Nh4 0-1


[Site "https://www.chess.com"]

[Event "Titled Tuesday Blitz February 14 Late 2023"]
[White "Maltsevskaya, Aleksandra"]
[Black "Alvarez Calzadilla, Jose Avelino"]
[WhiteFideId "24174041"]
[BlackFideId "3526151"]
[WhiteElo "2390"]
[BlackElo "2386"]
[Result "0-1"]
[Round "08"]
[TimeControl "180+2"]
[Date "2023.02.14"]
[WhiteClock "0:00:01"]
[BlackClock "0:00:57"]

1. e4 e5 2. Nf3 Nc6 3. Bb5 Nf6 4. d3 Bc5 5. O-O Nd4 6. Nxd4 Bxd4 7. c3 Bb6 8. d4 O-O 9. Bg5 h6 10. Bh4 g5 11. Bg3 exd4 12. e5 Ne4 13. cxd4 d6 14. Nc3 Nxg3 15. hxg3 dxe5 16. dxe5 Qxd1 17. Raxd1 Be6 18. Kh2 Rad8 19. f4 c6 20. Be2 Rxd1 21. Rxd1 Rd8 22. Rxd8+ Bxd8 23. Ne4 Bxa2 24. Nd6 b6 25. Bf3 c5 26. Nb5 a6 27. Nc3 Be6 28. Be4 gxf4 29. gxf4 f5 30. Bd3 b5 31. g4 fxg4 32. f5 Bc7 33. fxe6 Bxe5+ 34. Kg2 Bxc3 35. bxc3 Kf8 36. Kg3 h5 37. Bg6 Ke7 0-1


[Site "https://www.chess.com"]

[Event "Titled Tuesday Blitz February 14 Late 2023"]
[White "Jimenez Garcia, Emmanuel"]
[Black "Saveliev, Alexei"]
[WhiteFideId "6504779"]
[BlackFideId "24128546"]
[WhiteElo "2410"]
[BlackElo "2385"]
[Result "1-0"]
[Round "08"]
[TimeControl "180+2"]
[Date "2023.02.14"]
[WhiteClock "0:00:09"]
[BlackClock "0:00:02"]

1. d4 g6 2. e4 Bg7 3. Nf3 d6 4. c3 Nc6 5. h3 Nf6 6. Bd3 O-O 7. O-O Nd7 8. Bg5 h6 9. Be3 e5 10. Qd2 Kh7 11. Na3 a6 12. Rad1 Qe7 13. Rfe1 Qe8 14. Nc2 b6 15. a4 Bb7 16. b4 a5 17. d5 Ne7 18. Bb5 Qd8 19. Nh2 f5 20. f3 f4 21. Bf2 h5 22. c4 axb4 23. Nxb4 Nc5 24. Qc2 g5 25. Kf1 Ng6 26. Ke2 Bh6 27. Ra1 Qf6 28. Bc6 Bxc6 29. dxc6 Ne7 30. Nd5 Nxd5 31. exd5+ Kh8 32. Bxc5 dxc5 33. Kf1 Bg7 34. Qe4 Qd6 35. Ra2 Ra5 36. Rea1 Rd8 37. Ke2 Qf6 38. Nf1 Bf8 39. Nd2 Bd6 40. Kd1 Kg7 41. Kc2 Rda8 42. Kb3 R5a7 43. Qc2 Kh6 44. Ne4 Qe7 45. Qc3 Qf8 46. Qd2 Qe7 47. g4 h4 48. a5 1-0


[Site "https://www.chess.com"]

[Event "Titled Tuesday Blitz February 14 Late 2023"]
[White "Janaszak, Dawid"]
[Black "Rangel, Daniel"]
[WhiteFideId "1119206"]
[BlackFideId "2124475"]
[WhiteElo "2316"]
[BlackElo "2207"]
[Result "1-0"]
[Round "08"]
[TimeControl "180+2"]
[Date "2023.02.14"]
[WhiteClock "0:00:54"]
[BlackClock "0:00:13"]

1. e4 c5 2. a3 g6 3. b4 Bg7 4. Nc3 d6 5. bxc5 dxc5 6. Bc4 Nc6 7. Nf3 e6 8. O-O Nge7 9. Re1 O-O 10. e5 Nd4 11. Ne4 b5 12. Bf1 Nef5 13. c3 Nxf3+ 14. Qxf3 c4 15. Nf6+ Bxf6 16. Qxa8 Bg7 17. Qxa7 Qd5 18. a4 Bb7 19. f3 Ra8 20. Qb6 bxa4 21. Rb1 Bc6 22. Ba3 Be8 23. Qb7 Qd8 24. Bxc4 Rc8 25. Ba6 Rc7 26. Qb8 Qd7 27. Bb5 Qc8 28. Bxe8 1-0


[Site "https://www.chess.com"]

[Event "Titled Tuesday Blitz February 14 Late 2023"]
[White "Martynov, Pavel"]
[Black "Lopez Idarraga, Daniel Eduardo"]
[WhiteFideId "4101260"]
[BlackFideId "4405501"]
[WhiteElo "2414"]
[BlackElo "2009"]
[Result "0-1"]
[Round "08"]
[TimeControl "180+2"]
[Date "2023.02.14"]
[WhiteClock "0:00:09"]
[BlackClock "0:00:07"]

1. e4 Nf6 2. Nc3 d5 3. exd5 Nxd5 4. Bc4 Nxc3 5. bxc3 Nd7 6. d4 Nf6 7. Nf3 Bg4 8. h3 Bxf3 9. Qxf3 c6 10. Rb1 Qd7 11. O-O e6 12. a4 Be7 13. a5 a6 14. Bf4 O-O 15. Rb3 Nd5 16. Rfb1 Nxf4 17. Qxf4 Rab8 18. Qe4 Bd6 19. f4 Qc7 20. f5 exf5 21. Qxf5 Qe7 22. Kh1 Qh4 23. Qf3 Bc7 24. Bd3 Rfe8 25. Rf1 Re7 26. d5 cxd5 27. Rb4 Qg5 28. Qf5 Qxf5 29. Bxf5 Bxa5 30. Rd4 Bxc3 31. Rxd5 g6 32. Bd3 Re1 33. Kg1 Rxf1+ 34. Kxf1 b5 35. Rd7 Kg7 36. g4 Rb6 37. g5 Be5 38. Kg2 Rd6 39. Rb7 Rc6 40. h4 Rc7 41. Rb6 Ra7 42. Kf3 Bc3 43. Kg4 b4 44. Bc4 a5 45. Ba2 a4 46. h5 gxh5+ 47. Kxh5 Re7 48. Ra6 a3 49. Kg4 Re5 50. Ra7 Re4+ 51. Kf5 Re5+ 52. Kf4 Rc5 53. Rxf7+ Kg6 54. Rb7 Bd2+ 55. Ke4 Rxc2 56. Bb1 Rc3 57. Ke5+ Kxg5 58. Rg7+ Kh4 59. Rxh7+ Kg3 60. Rg7+ Kf2 61. Be4 Ke1 62. Rg2 Kd1 63. Bd5 Kc1 64. Rg1+ Kb2 65. Rg2 Rc2 66. Be4 b3 67. Bxc2 Kxc2 68. Rg1 b2 69. Kd4 b1=Q 70. Rxb1 Kxb1 71. Kc4 a2 72. Kd3 a1=Q 0-1


[Site "https://www.chess.com"]

[Event "Titled Tuesday Blitz February 14 Late 2023"]
[White "Poliakova, Varvara"]
[Black "Fan_Of_Chucky"]
[WhiteFideId "13518313"]
[WhiteElo "2010"]
[BlackElo "2398"]
[Result "1-0"]
[Round "08"]
[TimeControl "180+2"]
[Date "2023.02.14"]
[WhiteClock "0:00:13"]
[BlackClock "0:00:03"]

1. e4 c5 2. Nf3 a6 3. Nc3 b5 4. d4 e6 5. d5 d6 6. e5 dxe5 7. Nxe5 b4 8. dxe6 Qxd1+ 9. Nxd1 Bxe6 10. b3 Be7 11. Bc4 Bf6 12. Bb2 Bxc4 13. Nxc4 Bxb2 14. Ndxb2 Nf6 15. O-O-O O-O 16. Nd3 Ne4 17. Rde1 Nc3 18. Nxc5 Nxa2+ 19. Kb2 Nc3 20. Re7 Nc6 21. Rc7 Rfc8 22. Rxc8+ Rxc8 23. Nxa6 Ra8 24. Nxb4 Nxb4 25. Kxc3 Nd5+ 26. Kd4 Rd8 27. Ne3 Nf4+ 28. Ke4 Ne2 29. c4 Nc3+ 30. Kf3 Rb8 31. Ra1 g6 32. c5 Rxb3 33. c6 Nb5 34. Ke4 Rc3 35. Kd5 Kf8 36. Ra8+ Ke7 37. Rh8 Nc7+ 38. Ke4 Rxc6 39. Rxh7 Ne6 40. Rh8 Ra6 41. Nd5+ Kd6 42. Ne3 Ke7 43. h4 Ra2 44. Kf3 Nd4+ 45. Kg3 Ne2+ 46. Kg4 Nd4 47. Kg3 Ne2+ 48. Kh2 Nd4 49. Ng4 f5 50. Ne5 Kf6 51. f4 Rf2 52. Rf8+ Kg7 53. Rf7+ Kh6 54. Rd7 Rxf4 55. Kg3 Re4 56. Nf7+ Kh5 57. Nd6 Rg4+ 58. Kf2 Kxh4 59. Nf7 Kh5 60. Ne5 Rf4+ 61. Kg3 Rg4+ 62. Nxg4 1-0


[Site "https://www.chess.com"]

[Event "Titled Tuesday Blitz February 14 Late 2023"]
[White "Kielinkei"]
[Black "Vovk, Orest"]
[BlackFideId "14113490"]
[WhiteElo "2399"]
[BlackElo "2315"]
[Result "0-1"]
[Round "08"]
[TimeControl "180+2"]
[Date "2023.02.14"]
[WhiteClock "0:00:02"]
[BlackClock "0:00:07"]

1. d4 g5 2. Bxg5 Bg7 3. c3 c5 4. d5 d6 5. Nd2 Nf6 6. e4 Rg8 7. Ngf3 Bh8 8. Bd3 Bg4 9. Be3 Nbd7 10. h3 Bxf3 11. gxf3 a6 12. f4 b5 13. Nf3 Qc7 14. Qe2 c4 15. Bc2 Nc5 16. Bd4 Nh5 17. Qe3 Bxd4 18. Nxd4 Na4 19. O-O-O Qc5 20. e5 O-O-O 21. Nc6 Rde8 22. Qxc5 Nxc5 23. Bxh7 Rh8 24. Bf5+ Kc7 25. Rhg1 Nxf4 26. Rg7 Nfd3+ 27. Bxd3 Nxd3+ 28. Kb1 Nxe5 29. Nxe5 dxe5 30. Rxf7 Kd6 31. Rf3 Ref8 32. Rg3 Rxf2 33. Rh1 Rh4 34. Rg6+ Kxd5 35. Rxa6 e4 36. Rd1+ Ke5 37. Rb6 Rxh3 38. Rxb5+ Kf4 39. Rb7 Rhh2 40. a4 e3 41. a5 e2 42. Re1 Rf1 43. a6 Rxe1+ 44. Ka2 Rhh1 45. Ka3 Ra1+ 46. Kb4 e1=Q 47. a7 Rxa7 48. Rxa7 Qe4 49. Ra5 Rh2 50. Ra2 Rc2 51. Ka3 Qb7 52. b4 Qa6# 0-1


[Site "https://www.chess.com"]

[Event "Titled Tuesday Blitz February 14 Late 2023"]
[White "Nunez V, Gustavo Eduardo"]
[Black "Nefedov, Sergey"]
[WhiteFideId "4403690"]
[BlackFideId "24113417"]
[WhiteElo "2212"]
[BlackElo "2300"]
[Result "1-0"]
[Round "08"]
[TimeControl "180+2"]
[Date "2023.02.14"]
[WhiteClock "0:00:49"]
[BlackClock "0:00:12"]

1. e4 d5 2. exd5 Qxd5 3. Nc3 Qd8 4. d4 Nf6 5. Nf3 Bf5 6. Bd3 Bg6 7. O-O e6 8. Bf4 Be7 9. Re1 O-O 10. Qd2 c6 11. h3 Nd5 12. Nxd5 cxd5 13. c3 Nc6 14. Bxg6 hxg6 15. Ne5 Nxe5 16. Bxe5 Bd6 17. Qf4 Bxe5 18. dxe5 Rc8 19. Rad1 Rc4 20. Rd4 b5 21. Re3 Qe7 22. b3 Rxd4 23. Qxd4 Rc8 24. a4 a6 25. axb5 axb5 26. Qb6 b4 27. Qxb4 Qxb4 28. cxb4 Rb8 29. f4 Rxb4 30. g3 Rd4 31. Kf2 Rd2+ 32. Re2 Rd4 33. Ke3 Rb4 34. Rb2 Kf8 35. Kd3 Ke7 36. Kc3 Re4 37. Kd3 g5 38. fxg5 Rxe5 39. h4 Kd6 40. b4 Re1 41. b5 Kc7 42. Rf2 Rd1+ 43. Ke2 Rg1 44. Rxf7+ Kd6 45. Kf2 Rb1 46. Rxg7 d4 47. h5 Rb2+ 48. Kf3 Rh2 49. h6 d3 50. Rg8 Kc7 51. b6+ Kxb6 52. Rd8 d2 53. Ke3 Rh5 54. Kxd2 Kc7 55. Rg8 1-0


[Site "https://www.chess.com"]

[Event "Titled Tuesday Blitz February 14 Late 2023"]
[White "Al-Tarboush, Ward"]
[Black "Hoffmann, Asa"]
[WhiteFideId "7601450"]
[BlackFideId "2001470"]
[WhiteElo "2256"]
[BlackElo "2185"]
[Result "1-0"]
[Round "08"]
[TimeControl "180+2"]
[Date "2023.02.14"]
[WhiteClock "0:00:19"]
[BlackClock "0:00:01"]

1. e4 d6 2. d4 Nf6 3. Nc3 c6 4. f4 Qa5 5. Bd3 e5 6. Nf3 exd4 7. Nxd4 Qb6 8. Be3 Ng4 9. Qf3 Nxe3 10. Qxe3 Qxb2 11. Kd2 Qb6 12. e5 d5 13. Rab1 Qc7 14. e6 fxe6 15. Nxe6 Bxe6 16. Qxe6+ Be7 17. Rhe1 Na6 18. Bxa6 bxa6 19. Re5 Rd8 20. Rbe1 Rd7 21. Rf5 Rf8 22. Rxf8+ Kxf8 23. Na4 Rd6 24. Qe5 Rd7 25. Qf5+ Kg8 26. Qe6+ Kf8 27. Qf5+ Kg8 28. Nc5 Rd6 29. Ne6 Qd7 30. Qg4 Bf6 31. f5 h6 32. Rb1 Kf7 33. Qg6+ Ke7 34. Re1 1-0


[Site "https://www.chess.com"]

[Event "Titled Tuesday Blitz February 14 Late 2023"]
[White "Delorme, Alban"]
[Black "Jovic, Stanoje"]
[WhiteFideId "623636"]
[BlackFideId "905020"]
[WhiteElo "2298"]
[BlackElo "2075"]
[Result "0-1"]
[Round "08"]
[TimeControl "180+2"]
[Date "2023.02.14"]
[WhiteClock "0:00:02"]
[BlackClock "0:00:55"]

1. e4 c6 2. d4 d5 3. Nc3 dxe4 4. Nxe4 Nf6 5. Nxf6+ exf6 6. c3 Bd6 7. Bd3 O-O 8. Ne2 Qc7 9. Qc2 h6 10. O-O Bxh2+ 11. Kh1 Bd6 12. g3 Bg4 13. Kg2 Qd7 14. Rh1 Re8 15. Be3 c5 16. Nf4 Bxf4 17. Bxf4 Qc6+ 18. Kg1 h5 19. Bf5 Bf3 20. Kh2 cxd4 21. g4 h4 22. Rhe1 Na6 23. cxd4 Qxc2 24. Bxc2 Nb4 25. Bb3 Bxg4 26. a3 Nd3 27. Rxe8+ Rxe8 28. Be3 b6 29. Bc2 Nxb2 30. a4 Nc4 31. Re1 Nxe3 32. fxe3 f5 33. Kg2 Kf8 34. Kf2 Rc8 35. Bd3 Rc3 36. Bb5 Rc2+ 37. Kg1 Bf3 38. Rf1 Rg2+ 39. Kh1 Rf2+ 40. Kg1 Rxf1+ 41. Kxf1 g5 42. Kf2 Be4 43. Bd7 Ke7 44. Bc8 g4 45. Ba6 Bc6 0-1


[Site "https://www.chess.com"]

[Event "Titled Tuesday Blitz February 14 Late 2023"]
[White "Bjelobrk, Igor"]
[Black "Bilan, Danila"]
[WhiteFideId "4300726"]
[BlackFideId "24161918"]
[WhiteElo "2403"]
[BlackElo "2303"]
[Result "1-0"]
[Round "08"]
[TimeControl "180+2"]
[Date "2023.02.14"]
[WhiteClock "0:00:09"]
[BlackClock "0:00:14"]

1. d4 d5 2. c4 c6 3. Nc3 Nf6 4. Nf3 e6 5. g3 dxc4 6. Bg2 Bb4 7. O-O b5 8. Ne5 Bb7 9. Nxb5 Nd5 10. Nc3 Bxc3 11. bxc3 Nxc3 12. Qd2 Nd5 13. Rb1 Ba6 14. Ba3 c3 15. Qc2 f6 16. Nd3 Kf7 17. e4 Nb6 18. Rfd1 N8d7 19. Qxc3 Bb5 20. Nc5 Nc4 21. Bh3 Nxc5 22. Bxc5 Nb6 23. Qf3 Re8 24. Rbc1 Rc8 25. Ba3 Nc4 26. d5 cxd5 27. exd5 exd5 28. Bxc8 Qxc8 29. Qxd5+ Qe6 30. Qxb5 Nxa3 31. Qd7+ Re7 32. Qxe6+ Kxe6 33. Rc6+ Kf5 34. Ra6 Nb5 35. Ra5 Re5 36. Rb1 Nc3 37. Rxe5+ fxe5 38. Rb7 Nxa2 39. Rxg7 a6 40. Rxh7 Nb4 41. Ra7 Ke4 42. h4 Kd5 43. h5 Kc6 44. h6 Kb6 45. Ra8 Nc6 46. h7 e4 47. h8=Q e3 48. fxe3 a5 49. g4 Kb5 50. g5 Ne5 51. Qxe5+ Kc4 52. Rc8+ Kb3 53. Qc3+ Ka4 54. Qc4+ Ka3 55. Rb8 1-0


[Site "https://www.chess.com"]

[Event "Titled Tuesday Blitz February 14 Late 2023"]
[White "Santos Flores, Alberto"]
[Black "Moral Garcia, Serafin"]
[WhiteFideId "3601234"]
[BlackFideId "2201925"]
[WhiteElo "2164"]
[BlackElo "2238"]
[Result "0-1"]
[Round "08"]
[TimeControl "180+2"]
[Date "2023.02.14"]
[WhiteClock "0:02:49"]
[BlackClock "0:02:29"]

1. e4 e5 2. Nf3 Nc6 3. Bc4 Bc5 4. c3 Nf6 5. d3 a6 6. O-O Ba7 7. Nbd2 d6 8. Re1 O-O 9. h3 Na5 10. Bb3 Nxb3 11. axb3 Nh5 12. Nf1 Qf6 13. Bg5 Qg6 14. Qd2 h6 15. Be3 Bxh3 0-1


[Site "https://www.chess.com"]

[Event "Titled Tuesday Blitz February 14 Late 2023"]
[White "Papp, Levente"]
[Black "The_Sherman_Variation"]
[WhiteFideId "751243"]
[WhiteElo "2353"]
[BlackElo "2511"]
[Result "1-0"]
[Round "08"]
[TimeControl "180+2"]
[Date "2023.02.14"]
[WhiteClock "0:00:10"]
[BlackClock "0:00:24"]

1. c4 Nf6 2. g3 e6 3. Nf3 d5 4. Bg2 Be7 5. O-O O-O 6. b3 b6 7. cxd5 exd5 8. Bb2 Bb7 9. d4 c5 10. Nc3 Nc6 11. Rc1 Ne4 12. Na4 f5 13. dxc5 bxc5 14. Nd2 Qa5 15. Nxe4 dxe4 16. Nxc5 Bxc5 17. Qd5+ Kh8 18. Qxc5 Qxa2 19. Qc3 Nd4 20. Qxd4 Rf7 21. Rfd1 h6 22. b4 Ba6 23. Ra1 Qe6 24. e3 Rb8 25. Bf1 Bxf1 26. Rxf1 Rb6 27. Rac1 Kh7 28. Rfd1 Qe7 29. Rc5 h5 30. b5 h4 31. Qe5 Re6 32. Qd5 Rg6 33. Rc6 Rg5 34. Qe5 Qb4 35. Qf4 Rg4 36. Qe5 Qb3 37. Bd4 hxg3 38. Rf1 gxh2+ 39. Kxh2 Rf6 40. Rxf6 gxf6 41. Qxf6 Qg8 42. Qe7+ Kh6 43. Qd6+ Kh5 44. Kh1 Qg5 45. Qh2+ Rh4 46. Rg1 Rxh2+ 47. Kxh2 Qh4+ 48. Kg2 Qg4+ 49. Kh1 Qf3+ 50. Kh2 Qd1 51. Rxd1 Kg4 52. Bxa7 Kf3 53. b6 Ke2 54. b7 Kxd1 55. b8=Q Ke2 56. Qf4 Kf1 57. Qxf5 Ke2 58. Qxe4 Kf1 59. Qf3 Ke1 60. e4 Kd2 61. Qe3+ Kd1 62. f3 Kc2 63. e5 Kd1 64. Qf2 Kc1 65. Bd4 Kb1 66. Qb2# 1-0


[Site "https://www.chess.com"]

[Event "Titled Tuesday Blitz February 14 Late 2023"]
[White "Cori T., Deysi"]
[Black "Sonnenschein, Philipp"]
[WhiteFideId "3801934"]
[BlackFideId "16250877"]
[WhiteElo "2362"]
[BlackElo "2224"]
[Result "0-1"]
[Round "08"]
[TimeControl "180+2"]
[Date "2023.02.14"]
[WhiteClock "0:00:49"]
[BlackClock "0:01:55"]

1. d4 Nf6 2. Nf3 d5 3. c4 e6 4. Nc3 Bb4 5. e3 O-O 6. a3 Bxc3+ 7. bxc3 c5 8. Qc2 b6 9. a4 Bb7 10. a5 Nbd7 11. Ba3 Re8 12. Bd3 dxc4 13. Bxc4 Rc8 14. Qe2 cxd4 15. cxd4 Qc7 16. Rc1 b5 17. O-O bxc4 18. Nd2 Qxa5 19. Bd6 0-1


[Site "https://www.chess.com"]

[Event "Titled Tuesday Blitz February 14 Late 2023"]
[White "O`Gorman, Tom"]
[Black "Tworuszka, Michal"]
[WhiteFideId "2508249"]
[BlackFideId "1117858"]
[WhiteElo "2355"]
[BlackElo "2260"]
[Result "1-0"]
[Round "08"]
[TimeControl "180+2"]
[Date "2023.02.14"]
[WhiteClock "0:02:33"]
[BlackClock "0:01:41"]

1. e4 e5 2. Nf3 Nc6 3. Bb5 Nf6 4. O-O Nxe4 5. Re1 Nd6 6. Nxe5 Be7 7. Bf1 Nxe5 8. Rxe5 O-O 9. Nc3 Ne8 10. Nd5 Bd6 11. Re1 c6 12. Ne3 Bc7 13. Nf5 d5 14. Ne7+ Kh8 15. Nxc8 Rxc8 16. d4 Qf6 17. Qg4 Nd6 18. Bd3 Rce8 19. Bg5 Qe6 20. Rxe6 fxe6 21. Bf4 1-0


[Site "https://www.chess.com"]

[Event "Titled Tuesday Blitz February 14 Late 2023"]
[White "Pasti, Aron"]
[Black "Toncheva, Nadya"]
[WhiteFideId "785857"]
[BlackFideId "2924056"]
[WhiteElo "2361"]
[BlackElo "2295"]
[Result "0-1"]
[Round "08"]
[TimeControl "180+2"]
[Date "2023.02.14"]
[WhiteClock "0:00:04"]
[BlackClock "0:00:09"]

1. e4 c5 2. Nf3 Nc6 3. d4 cxd4 4. Nxd4 g6 5. c4 Bg7 6. Be3 Nf6 7. Nc3 O-O 8. Be2 d6 9. O-O Bd7 10. Rc1 Nxd4 11. Bxd4 Bc6 12. Qd3 a5 13. b3 Nd7 14. Bxg7 Kxg7 15. Qd2 Nc5 16. Nd5 Nxe4 17. Qd4+ Nf6 18. Nxf6 exf6 19. Rfd1 Re8 20. Rc2 Re6 21. h3 Qe7 22. Bg4 Re1+ 23. Kh2 Rxd1 24. Qxd1 Qe5+ 25. Kg1 h5 26. Bf3 Qf4 27. Bxc6 bxc6 28. Rd2 Rd8 29. Rd4 Qe5 30. Qd2 d5 31. f4 Qe6 32. Qxa5 Qe3+ 33. Kh1 Re8 34. Rd1 Qf2 35. cxd5 Re2 36. Rg1 Rxa2 37. Qd8 Rd2 38. Qc7 cxd5 39. b4 Rb2 40. Qb7 Qxf4 41. Qxd5 Rxb4 42. Re1 Rd4 43. Qb7 Qg3 44. Rf1 Rf4 45. Rd1 Rf2 46. Qd5 Re2 47. Rg1 Re1 48. Rxe1 Qxe1+ 49. Kh2 Qe5+ 0-1


[Site "https://www.chess.com"]

[Event "Titled Tuesday Blitz February 14 Late 2023"]
[White "Jeet, Jain"]
[Black "Sztokbant, Bernardo Vainzoff"]
[WhiteFideId "5073022"]
[BlackFideId "2115956"]
[WhiteElo "2199"]
[BlackElo "2213"]
[Result "1/2-1/2"]
[Round "08"]
[TimeControl "180+2"]
[Date "2023.02.14"]
[WhiteClock "0:00:13"]
[BlackClock "0:00:05"]

1. Nf3 d5 2. e3 Nf6 3. b3 g6 4. Bb2 Bg7 5. c4 O-O 6. Be2 c5 7. O-O Nc6 8. d3 dxc4 9. dxc4 Qc7 10. Nc3 a6 11. Qc1 Rd8 12. Rd1 Bg4 13. Nd5 Nxd5 14. cxd5 Nb4 15. Bxg7 Kxg7 16. Qc3+ Kg8 17. e4 f5 18. exf5 Bxf5 19. d6 Rxd6 20. Bc4+ e6 21. Nh4 Rad8 22. Re1 Nd5 23. Qe5 Rf8 24. Rad1 Qd7 25. h3 b5 26. Bf1 Qd8 27. g3 Rd7 28. Rc1 c4 29. bxc4 bxc4 30. Bxc4 Bxh3 31. Bxa6 Qb6 32. Bc4 Qxf2+ 33. Kh1 Rdf7 34. Re2 Qc5 35. Ree1 Qf2 36. Bxd5 exd5 37. Qxd5 Qxg3 38. Qe4 Bg4 39. Ng2 Qh3+ 40. Kg1 Qg3 41. Rc2 Bf3 42. Qe5 Qxe5 43. Rxe5 Bxg2 44. Rxg2 Rf6 45. a4 R8f7 46. a5 Kg7 47. Ra2 Ra7 48. Kg2 Rf5 49. Rxf5 gxf5 50. Kf3 Kf6 51. Kf4 h6 52. Rh2 Kg6 53. Ra2 Ra6 54. Rg2+ Kf6 55. Rh2 Kg6 56. Rg2+ Kf6 57. Rh2 Ke7 58. Kxf5 Rxa5+ 59. Kg6 Ra6+ 60. Kh7 Re6 61. Rxh6 Rxh6+ 62. Kxh6 1/2-1/2


[Site "https://www.chess.com"]

[Event "Titled Tuesday Blitz February 14 Late 2023"]
[White "Girsh, Daniel"]
[Black "CheckBits"]
[WhiteFideId "30949190"]
[WhiteElo "2123"]
[BlackElo "2468"]
[Result "0-1"]
[Round "08"]
[TimeControl "180+2"]
[Date "2023.02.14"]
[WhiteClock "0:00:17"]
[BlackClock "0:00:32"]

1. d4 e6 2. e4 d5 3. Nc3 Nf6 4. e5 Nfd7 5. f4 c5 6. Nf3 Nc6 7. Be3 a6 8. Qd2 b5 9. dxc5 Bxc5 10. Bd3 Qb6 11. Bf2 g6 12. O-O Bb7 13. Rae1 Rc8 14. Kh1 Bxf2 15. Rxf2 Nc5 16. Ng5 Nxd3 17. cxd3 Nd4 18. Qe3 Qc5 19. Qh3 Nf5 20. Rd2 b4 21. Nd1 Qc1 22. Rde2 h6 23. Nf3 d4 24. Qg4 Qb1 25. Nf2 Rc1 26. Ne4 Bxe4 27. dxe4 d3 28. exf5 dxe2 29. Qg3 Rxe1+ 30. Nxe1 exf5 31. Qf2 Qxb2 32. Qc5 Qd2 33. Qc8+ Ke7 34. Qc7+ Kf8 35. Qd8+ Qxd8 0-1


[Site "https://www.chess.com"]

[Event "Titled Tuesday Blitz February 14 Late 2023"]
[White "Machidon, Cristi"]
[Black "Benmesbah, Natacha"]
[WhiteFideId "13904590"]
[BlackFideId "642002"]
[WhiteElo "2301"]
[BlackElo "2261"]
[Result "1-0"]
[Round "08"]
[TimeControl "180+2"]
[Date "2023.02.14"]
[WhiteClock "0:00:13"]
[BlackClock "0:00:32"]

1. e4 d6 2. d4 Nf6 3. Nc3 e5 4. dxe5 dxe5 5. Qxd8+ Kxd8 6. Bc4 Ke8 7. Bg5 Nbd7 8. Nb5 Bd6 9. Nxd6+ cxd6 10. f3 Ke7 11. O-O-O h6 12. Be3 a6 13. a4 b6 14. Ne2 Bb7 15. h4 Rac8 16. b3 Nc5 17. Ng3 g6 18. h5 Nxa4 19. hxg6 fxg6 20. Bxh6 b5 21. Bd3 Nc5 22. Kb2 Ke6 23. Be2 Rh7 24. Bg5 Rch8 25. Rxh7 Rxh7 26. Bxf6 Kxf6 27. Rxd6+ Ne6 28. c4 Rh2 29. Bf1 bxc4 30. Bxc4 Rxg2+ 31. Ka3 Rxg3 32. Rxe6+ Kg5 33. Rxe5+ Kf4 34. Re7 Bc8 35. Rf7+ Ke3 36. e5 Rxf3 37. e6 g5 38. Bd5 Rf4 39. e7 Bd7 40. Rf8 g4 41. e8=Q+ Bxe8 42. Rxe8+ Kd4 43. Bc4 g3 44. Rg8 Rf3 45. Bxa6 Re3 46. Bb7 Kc5 47. Rg6 Rd3 48. Ka4 Rd4+ 49. Ka5 Rd1 50. b4+ Kc4 51. Rg4+ 1-0


[Site "https://www.chess.com"]

[Event "Titled Tuesday Blitz February 14 Late 2023"]
[White "Yedidia, Daniel"]
[Black "Rios Escobar, Adan"]
[WhiteFideId "30905907"]
[BlackFideId "3403645"]
[WhiteElo "2041"]
[BlackElo "2234"]
[Result "0-1"]
[Round "08"]
[TimeControl "180+2"]
[Date "2023.02.14"]
[WhiteClock "0:00:07"]
[BlackClock "0:00:10"]

1. d4 Nf6 2. c4 g6 3. Nc3 Bg7 4. e4 d6 5. Nf3 O-O 6. Be2 Na6 7. Be3 e5 8. O-O Qe7 9. d5 Ng4 10. Bg5 f6 11. Bh4 g5 12. Bg3 Nh6 13. Ne1 f5 14. f3 f4 15. Bf2 Kh8 16. Nd3 b6 17. b4 Rg8 18. Rc1 Bf6 19. Nb5 g4 20. fxg4 Nxg4 21. Bf3 Bh4 22. a3 Qg5 23. Rc2 Nxh2 24. Bxh4 Qxh4 25. Qe1 Qxe1 26. Nxe1 Nxf1 27. Kxf1 Bd7 28. Nc3 Rg7 29. Nd3 Rb8 30. Nb5 Ra8 31. Nc3 Rag8 32. Nb5 Bxb5 33. cxb5 Nb8 34. a4 h6 35. Nf2 Kh7 36. Ke2 Kg6 37. Ng4 h5 38. Nf2 Kh6 39. Rc1 Kg5 40. Rh1 Rh8 41. Rc1 Rh6 42. a5 Kf6 43. Rh1 Ke7 44. Kf1 Kd8 45. Rxh5 Rxh5 46. Bxh5 a6 47. Be2 axb5 48. Bxb5 bxa5 49. bxa5 Nd7 50. Bc6 Nc5 51. Bb5 Rg3 52. a6 Ra3 53. g4 fxg3 54. Ng4 Nxe4 55. a7 Rxa7 56. Kg2 Ra3 57. Be2 Ra2 58. Kf3 g2 59. Kxg2 Rxe2+ 60. Kf3 Nc3 61. Ne3 Rxe3+ 62. Kxe3 Nxd5+ 63. Ke4 c6 0-1


[Site "https://www.chess.com"]

[Event "Titled Tuesday Blitz February 14 Late 2023"]
[White "Tanenbaum, Zachary"]
[Black "Fernandez Garcia, Gumersindo"]
[WhiteFideId "2060850"]
[BlackFideId "24516740"]
[WhiteElo "2261"]
[BlackElo "2160"]
[Result "1-0"]
[Round "08"]
[TimeControl "180+2"]
[Date "2023.02.14"]
[WhiteClock "0:01:06"]
[BlackClock "0:00:14"]

1. e4 c5 2. Nf3 e6 3. d4 cxd4 4. Nxd4 Nf6 5. Nc3 Nc6 6. Ndb5 Bb4 7. a3 Bxc3+ 8. Nxc3 d5 9. exd5 exd5 10. Qe2+ Be6 11. Bg5 h6 12. Bh4 O-O 13. O-O-O Re8 14. f3 Rc8 15. Qb5 Rc7 16. Bc4 Rd7 17. Bxd5 Bxd5 18. Bxf6 Qxf6 19. Nxd5 Qg5+ 20. f4 Qg4 21. h3 Qf5 22. Ne7+ Nxe7 23. Qxd7 Qxf4+ 24. Kb1 Qb8 25. Rhe1 Kf8 26. Re4 Nc6 27. Rxe8+ Qxe8 28. Qxb7 g6 29. Rd6 Qe1+ 30. Ka2 Ne7 31. Rd8+ Kg7 32. Qb3 Nf5 33. Qc3+ Qxc3 34. bxc3 Ne3 35. Rd2 f5 36. Kb3 f4 37. c4 g5 38. c5 Nf1 39. Rd7+ Kf6 40. c6 Ke6 41. Rd8 1-0


[Site "https://www.chess.com"]

[Event "Titled Tuesday Blitz February 14 Late 2023"]
[White "Lorenzo De La Riva, Lazaro"]
[Black "Risteski, Emil"]
[WhiteFideId "2268809"]
[BlackFideId "15005267"]
[WhiteElo "2404"]
[BlackElo "2366"]
[Result "1-0"]
[Round "08"]
[TimeControl "180+2"]
[Date "2023.02.14"]
[WhiteClock "0:00:07"]
[BlackClock "0:00:15"]

1. d4 Nf6 2. c3 g6 3. Nd2 d5 4. g3 Bg7 5. Bg2 O-O 6. Ngf3 b6 7. O-O c5 8. Ne5 Bb7 9. e3 Nbd7 10. Nd3 Re8 11. f4 Ne4 12. Nxe4 dxe4 13. Nf2 f5 14. g4 Nf6 15. gxf5 gxf5 16. Kh1 Kh8 17. Qe2 e6 18. Bd2 Qe7 19. Rg1 a5 20. Nh3 Ng4 21. Be1 Ba6 22. Qd1 Nxe3 23. Qd2 cxd4 24. cxd4 Nxg2 25. Rxg2 Rad8 26. Bf2 e3 27. Bxe3 Bb7 28. Rg1 Qh4 29. Ng5 Rd7 30. Qe2 Bxg2+ 31. Qxg2 Qh5 32. Qc6 Rdd8 33. Qb7 Kg8 34. Rg3 Qg6 35. Nf3 Qf7 36. Qxb6 Rc8 37. Qxa5 Qb7 38. Qd2 Ra8 39. a3 Kh8 40. Kg1 Bf6 41. Ne5 Bxe5 42. fxe5 Rg8 43. Bg5 Qe4 44. Bf6+ Rg7 45. Rxg7 Rg8 46. Rxg8+ Kxg8 47. Qg5+ Kf8 48. Qg7+ 1-0


[Site "https://www.chess.com"]